 Dungeon Crawl Stone Soup version 0.26-a0-812-g31a745ddcd (webtiles) character file.

Game seed: 4664711445782218164

90 kae the Chopper (level 4, -14/40 HPs)
             Began as a Hill Orc Fighter on Dec 9, 2020.
             Demolished by an ogre
             ... wielding a +0 giant spiked club
              (30 damage)
             ... on level 2 of the Dungeon.
             The game lasted 00:00:57 (1368 turns).

kae the Chopper (Hill Orc Fighter)                  Turns: 1368, Time: 00:00:57

Health: -14/40     AC:  7    Str: 19    XL:     4   Next: 56%
Magic:  4/4        EV:  7    Int:  8    God:
Gold:   157        SH:  9    Dex: 10    Spells: 3/3 levels left

rFire    . . .     SeeInvis .   a - +0 war axe
rCold    . . .     Faith    .   c - +0 kite shield
rNeg     . . .     Spirit   .   b - +0 scale mail
rPois    .         Reflect  .   (no helmet)
rElec    .         Harm     .   (no cloak)
rCorr    .         Rampage  .   (no gloves)
MR       .....                  (no boots)
Stlth    ..........             (no amulet)
HPRegen  0.13/turn              (no ring)
MPRegen  0.09/turn              (no ring)

@: no status effects
A: no striking features
a: no special abilities


You were on level 2 of the Dungeon.
You visited 1 branch of the dungeon, and saw 2 of its levels.

You collected 157 gold pieces.

Inventory:

Hand Weapons
 a - a +0 war axe (weapon)
Armour
 b - a +0 scale mail (worn)
 c - a +0 kite shield (worn)
Potions
 d - 2 potions of might
 f - a potion of lignification {unknown}
 g - a potion of heal wounds
 h - a potion of haste {unknown}
 i - a potion of attraction


   Skills:
 + Level 4.3 Fighting
 * Level 4.4 Axes
 + Level 3.8 Armour
 + Level 1.2 Dodging
 - Level 3.2 Shields


You had 3 spell levels left.
You didn't know any spells.
Your spell library was empty.

Dungeon Overview and Level Annotations

Branches:
Dungeon (2/15)

Altars:
Cheibriados


Message History

There are monsters nearby!
There are monsters nearby!
You are too injured to fight recklessly!
You are too injured to fight recklessly!
There are monsters nearby!
You are too injured to fight recklessly!
You are too injured to fight recklessly!
There are monsters nearby!
You are too injured to fight recklessly!
You are too injured to fight recklessly!
You are too injured to fight recklessly!
You are too injured to fight recklessly!
You slash the ogre!
The ogre is heavily wounded.
You block the ogre's attack.
You slash the ogre!
The ogre is almost dead.
The ogre hits you with a +0 giant spiked club!!
Ouch! That really hurt!
You die...

#......# ##..♣...######
#..# .(.♣_♣.......#
##...###
#(..♣........###......##
##.....................#
#.....................#
##....##......##........
....#........# #.O....#
...÷...####..###@..K..#
......>.#_#..#..........
........≈≈≈?..).........
....###≈≈≈≈≈.#.#...#####
..).<..≈≈.≈≈##...###
....###≈≈≈≈≈.......
.)......≈≈≈..........
.#..[...........^....
.#÷..........####....


You could see an ogre and a kobold.

Vanquished Creatures
  2 adders (D:2)
  2 oozes
  3 dart slugs
  A leopard gecko (D:1)
  4 giant cockroaches
  11 goblins
  5 hobgoblins
  3 jackals (D:1)
  A quokka (D:2)
  10 bats
  A frilled lizard (D:1)
  5 kobolds
  5 rats
53 creatures vanquished.

Notes
Turn   | Place    | Note
-------+----------+-------------------------------------------
     0 | D:1      | kae the Hill Orc Fighter began the quest for the Orb.
     0 | D:1      | Reached XP level 1. HP: 19/19 MP: 1/1
   120 | D:1      | Reached XP level 2. HP: 27/27 MP: 2/2
   205 | D:1      | Reached XP level 3. HP: 31/33 MP: 3/3
   814 | D:1      | Reached skill level 1 in Dodging
   897 | D:2      | Reached XP level 4. HP: 38/40 MP: 4/4
   926 | D:2      | Found a faded altar of an unknown god.
   957 | D:2      | Found a snail-covered altar of Cheibriados.
  1361 | D:2      | Noticed an ogre
  1368 | D:2      | Demolished by an ogre

Illustrated notes

Levels and vault maps discovered:
D:1:      dpeg_arrival_simpleton_a, layout_loops_ring, minmay_misc_feat_plants
D:2:      minmay_wonky_spiral, layout_rooms, chequers_ecumenical_altar_simple,
          minmay_misc_feat_enclosed, minmay_crystal_water,
          kennysheep_slug_shrine

Skill      XL: |  1  2  3 |
---------------+----------+-----
Axes           | 3 4 |  4.4
Fighting       | 4 |  4.3
Dodging        | 1 |  1.2
Armour         | |  3.8
Shields        | |  3.2

Action                   |  1- 3 |  4- 6 || total
-------------------------+-------+-------++-------
Melee: War axe           |   103 |    40 ||   143
  Use: Scroll            |     4 |     1 ||     5
Armor: Scale mail        |    56 |     9 ||    65
Dodge: Dodged            |    44 |    12 ||    56
Block: Kite shield       |    59 |    20 ||    79

Table legend: (Time is in decaauts)
 A = Elapsed time spent in this place.
 B = Non-inter-level travel time spent in this place.
 C = Inter-level travel time spent in this place.
 D = Time resting spent in this place.
 E = Time spent auto-exploring this place.
 F = Levels seen in this place.
 G = Mean time per level.
                   A        B        C        D        E       F      G
               +--------+--------+--------+--------+--------+-----+--------+
         Total |   1425 |   1372 |     53 |      0 |    997 |   2 |  712.5 |
       Dungeon |   1425 |   1372 |     53 |      0 |    997 |   2 |  712.5 |
               +--------+--------+--------+--------+--------+-----+--------+

Top non-repeatable levels by time:
     D:1: 926 daAuts
     D:2: 498 daAuts
